 Dungeon Crawl Stone Soup version 0.31-a0-198-g2ad674f65e (webtiles) character file.

Game seed: 662547785762397477

90 qw the Shooter (level 4, 0/25 HPs)
             Began as a Deep Elf Hunter on June 25, 2023.
             Slain by a cerulean imp
             ... wielding a +2 spear
             ... summoned by Natasha
              (2 damage)
             ... on level 2 of the Dungeon.
             The game lasted 00:00:28 (1066 turns).

qw the Shooter (Deep Elf Hunter)                    Turns: 1066, Time: 00:00:29

Health: 0/25       AC:  6    Str: 10    XL:     4   Next: 32%
Magic:  6/6        EV: 11    Int: 14    God:
Gold:   114        SH:  0    Dex: 18    Spells: 3/3 levels left

rFire   . . .        Y - +0 shortbow
rCold   . . .        (shield currently unavailable)
rNeg    . . .        i - +0 ring mail
rPois   +            (no helmet)
rElec   .            f - +0 cloak
rCorr   .            (no gloves)
SInv    .            (no boots)
Will    .....        (no amulet)
Stlth   +            j - ring of poison resistance
HPRegen 0.24/turn    (no ring)
MPRegen 0.10/turn

%: no passive effects
@: no status effects
A: no striking features
a: no special abilities


You were on level 2 of the Dungeon.
You visited 1 branch of the dungeon, and saw 2 of its levels.

You collected 114 gold pieces.


   Skills:
 - Level 1.5 Fighting
 + Level 7.7 Ranged Weapons
 - Level 2.4 Dodging
 - Level 1.2 Stealth


You had 3 spell levels left.
You didn't know any spells.
Your spell library was empty.

Inventory:

Hand Weapons
 Y - a +0 shortbow (weapon)
Armour
 f - a +0 cloak (worn)
 i - a +0 ring mail (worn)
Jewellery
 j - a ring of poison resistance (left hand)
Scrolls
 b - a scroll of silence {unknown}
 e - a scroll of fear {unknown}
 g - a scroll of identify {unknown}
Potions
 a - a potion of attraction {unknown}
 c - a potion of ambrosia {unknown}
 d - 2 potions of curing {unknown}
 h - 2 potions of enlightenment {unknown}

Dungeon Overview and Level Annotations

Branches:
Dungeon (2/15)

Altars:

Annotations:
D:2 Natasha


Message History

You shoot an arrow. The arrow hits the bat.
You kill the bat!
You shoot an arrow.
The arrow closely misses the cerulean imp.
Natasha casts a spell.
The cerulean imp hits you but does no damage.
You shoot an arrow. The arrow hits the cerulean imp.
The cerulean imp is heavily wounded.
Natasha mumbles some strange words.
The cerulean imp closely misses you.
You shoot an arrow. The arrow hits the cerulean imp.
The cerulean imp is almost dead.
The cerulean imp hits you from afar with a +1 spear.
You shoot an arrow. The arrow hits the cerulean imp.
You kill the cerulean imp!
The cerulean imp disappears in a puff of smoke!
The cerulean imp hits you from afar with a +2 spear.
You shoot an arrow. The arrow hits Natasha.
Natasha is moderately wounded.
The cerulean imp misses you. The cerulean imp barely misses you.
Natasha claws you but does no damage.
The cerulean imp hits you from afar with a +2 spear.
You shoot an arrow. The arrow closely misses Natasha.
The arrow barely misses the cerulean imp.
The cerulean imp hits you from afar with a +0 spear.
Natasha casts a spell at you. The magic dart hits you.
The cerulean imp misses you.
You shoot an arrow. The arrow barely misses Natasha.
The arrow hits the cerulean imp.
The cerulean imp is moderately wounded.
The cerulean imp hits you but does no damage.
Natasha claws you.
The cerulean imp hits you from afar with a +2 spear.
You shoot an arrow. The arrow barely misses Natasha.
The arrow misses the cerulean imp.
The cerulean imp closely misses you.
Natasha stares at you and mumbles some strange words.
The magic dart hits you.
The cerulean imp hits you from afar with a +2 spear.
You die...

#..........
..........
...........
..........
....%.....
##55.......
#.h.......#
#.@.......
#.....#############
#.....#............
###...#.....####...
#...#...### #...
##..#..#######...
##.#..##........
#.#.###....#...
#.#.# #....#...


You could see Natasha and 2 cerulean imps.

Vanquished Creatures
  Natasha (D:2)
  2 adders (D:2)
  2 worms (D:2)
  3 dart slugs
  2 ball pythons (D:1)
  3 endoplasms
  3 giant cockroaches
  4 goblins
  2 hobgoblins
  2 quokkas (D:2)
  2 bats
  5 frilled lizards
  2 kobolds
  6 rats
39 creatures vanquished.

Notes
Turn   | Place    | Note
-------+----------+-------------------------------------------
     0 | D:1      | qw the Deep Elf Hunter began the quest for the Orb.
     0 | D:1      | Reached XP level 1. HP: 12/12 MP: 3/3
     0 | D:1      | 0 ||| qw: Version: 0.3-a-22-g0ed2b0b
     0 | D:1      | 0 ||| qw: Game counter: 5244
     0 | D:1      | 0 ||| qw: Melee chars always use a shield: true
     0 | D:1      | 0 ||| qw: God list: Okawaru
     0 | D:1      | 0 ||| qw: Allow faded altars: false
     0 | D:1      | 0 ||| qw: Do Orc after clearing Dungeon:15 true
     0 | D:1      | 0 ||| qw: Do second Lair branch before Depths: true
     0 | D:1      | 0 ||| qw: Lair rune preference: random
     0 | D:1      | 0 ||| qw: Goals: Normal
     0 | D:1      | 0 ||| PLANNING D:1-11
   182 | D:1      | Reached skill level 6 in Ranged Weapons
   182 | D:1      | Reached XP level 2. HP: 6/16 MP: 4/4
   630 | D:1      | 630 ||| DROPPING scarf of harm.
   631 | D:1      | 631 ||| UPGRADING to +0 cloak.
   636 | D:1      | 636 ||| UPGRADING to +0 ring mail.
   646 | D:1      | 646 ||| DROPPING +0 leather armour.
   647 | D:1      | 647 ||| UPGRADING to ring of poison resistance.
   648 | D:1      | 648 ||| READING scroll labelled WIYP VASEVEAJ.
   649 | D:1      | 649 ||| DROPPING scroll of butterflies.
   673 | D:2      | Noticed Natasha
   674 | D:2      | 674 ||| Stepping ~*~*~tactically~*~*~ (outnumbered).
   681 | D:2      | Killed Natasha
   682 | D:2      | Reached skill level 7 in Ranged Weapons
   682 | D:2      | Reached XP level 3. HP: 20/20 MP: 5/5
   868 | D:2      | Reached XP level 4. HP: 24/25 MP: 6/6
  1055 | D:2      | Noticed Natasha
  1065 | D:2      | HP: 5/25 [cerulean imp/+2 spear[Natasha] (3)]
  1066 | D:2      | HP: 2/25 [Natasha/magic dart (3)]
  1066 | D:2      | Slain by a cerulean imp

Levels and vault maps discovered:
D:1:      saegor_arrival_simple_d, layout_loops_cross
D:2:      minmay_recursive_quarters, layout_rooms, uniq_robin, uniq_natasha

Skill      XL: |  1  2 |
---------------+-------+-----
Ranged Weapons | 6 7 |  7.7
Fighting       | |  1.5
Dodging        | |  2.4
Stealth        | |  1.2

Action                     |  1- 3 |  4- 6 || total
---------------------------+-------+-------++-------
   Fire: Shortbow          |    75 |    47 ||   122
    Use: Scroll            |     1 |       ||     1
 Armour: Ring mail         |     8 |    10 ||    18
  Dodge: Dodged            |    23 |    16 ||    39

Table legend:
 A = Non-vault XP
 B = Vault XP
 C = Vault XP percentage of total XP
 D = Non-vault monster count
 E = Vault monster count
 F = Vault count percentage of total count
                 A         B        C        D         E       F
            +---------+---------+-------+---------+---------+-------
      Total |      62 |      67 |  51.9 |      29 |      10 |  25.6
            +---------+---------+-------+---------+---------+-------
        D:1 |      31 |       0 |   0.0 |      20 |       0 |   0.0
        D:2 |      31 |      67 |  68.4 |       9 |      10 |  52.6
            +---------+---------+-------+---------+---------+-------
